 Dungeon Crawl Stone Soup version 0.31-a0-716-gc760375 (webtiles) character file.

Game seed: 3306324773318168038

7893 BarneyGumball the Nimble (level 11, -1/79 HPs)
             Began as a Djinni Fire Elementalist on Sept 9, 2023.
             Was an Initiate of Gozag.
             Engulfed by a cloud of flame (3 damage)
             ... on level 9 of the Dungeon.
             The game lasted 00:28:14 (8830 turns).

BarneyGumball the Nimble (Djinni Fire Elementalist) Turns: 8830, Time: 00:28:15

Health: -1/79      AC:  8    Str:  7    XL:     11   Next: 45%
Gold:   662        EV: 11    Int: 22    God:    Gozag SH:  0 Dex: 13

rFire   + + +        t - +2 dagger (venom)
rCold   . . .        (no shield)
rNeg    + . .        D - +1 robe of Skepticism {rF+ rC+ Will+ Slay+3}
rPois   ∞            n - +0 helmet
rElec   .            e - +0 cloak
rCorr   .            g - +2 pair of gloves
SInv    .            (boots unavailable)
Will    ++...        (no amulet)
Stlth   ++           k - ring of positive energy
HPRegen 0.33/turn    (no ring)
MPRegen 0.00/turn

%: infuse magic (-2 HP)
@: gold aura, vertiginous, flying, slowed, very slow
A: sickness immunity, fire resistance 2, cold vulnerability 1, float, innate
caster, HP casting, extra vitality 1
a: Renounce Religion, Potion Petition, Call Merchant, Bribe Branch


You were on level 9 of the Dungeon.
You worshipped Gozag.
Gozag was pleased with you.
You visited 1 branch of the dungeon, and saw 9 of its levels.
You also visited: Ossuary.

You collected 1823 gold pieces.
You spent 538 gold pieces at shops.
You paid 623 gold pieces to Gozag.

Inventory:

Hand Weapons
 t - a +2 dagger of venom (weapon)
Missiles
 A - a throwing net
Armour
 e - a +0 cloak (worn)
 g - a +2 pair of gloves (worn)
 n - a +0 helmet (worn)
 D - the +1 robe of Skepticism (worn) {rF+ rC+ Will+ Slay+3}
   (You bought it in a shop on level 7 of the Dungeon)

   Slay+3:    It affects your accuracy & damage with ranged weapons and melee
   (+3).
   rF+:       It protects you from fire.
   rC+:       It protects you from cold.
   Will+:     It increases your willpower.
Jewellery
 k - a ring of positive energy (left hand)
Wands
 l - a wand of charming (8)
 o - a wand of mindburst (22)
 B - a wand of flame (10)
 F - a wand of polymorph (9)
Scrolls
 h - a scroll of noise
 m - 2 scrolls of vulnerability {unknown}
 p - a scroll of enchant weapon {unknown}
 r - a scroll of revelation {unknown}
 u - a scroll of torment {unknown}
 w - a scroll of enchant armour {unknown}
 x - 3 scrolls of blinking {unknown}
 y - 3 scrolls of fog {unknown}
 z - a scroll of amnesia {unknown}
 E - a scroll of poison {unknown}
 G - a scroll of teleportation
Potions
 a - a potion of berserk rage {unknown}
 b - a potion of enlightenment {unknown}
 c - a potion of brilliance {unknown}
 d - 5 potions of invisibility
 f - 2 potions of might
 i - 2 potions of mutation {unknown}
 j - 7 potions of heal wounds
 q - 2 potions of lignification {unknown}
 s - 2 potions of curing {unknown}
 v - a potion of attraction {unknown}
 C - a potion of haste {unknown}


   Skills:
 + Level 7.6 Fighting
 - Level 4.0 Armour
 + Level 10.1 Dodging
 - Level 1.5 Stealth
 - Level 9.2 Spellcasting
 - Level 9.2 Conjurations
 - Level 9.2 Hexes
 - Level 9.2 Summonings
 - Level 9.2 Necromancy
 - Level 9.2 Translocations
 - Level 9.2 Transmutations
 - Level 9.2 Fire Magic
 - Level 9.2 Ice Magic
 - Level 9.2 Air Magic
 - Level 9.2 Earth Magic
 - Level 9.2 Poison Magic


You knew the following spells:

 Your Spells              Type           Power      Damage    Failure   Level
a - Foxfire               Conj/Fire      100%       2x1d9     1%          1
b - Scorch                Fire           100%       2d9       1%          2
c - Necrotise             Necr           100%       1d9       1%          1
d - Inner Flame           Hex/Fire       50%        N/A       1%          3
e - Flame Wave            Conj/Fire      50%        2d12      4%          4
f - Volatile Blastmotes   Fire/Tloc      100%       2d18      1%          3
g - Wereblood             Tmut           50%        N/A       1%          2
h - Lesser Beckoning      Tloc           100%       N/A       1%          2
i - Petrify               Tmut/Erth      50%        N/A       4%          4
j - Alistair's Intoxicat  Tmut/Pois      33%        N/A       10%         5
Your spell library was empty.

Dungeon Overview and Level Annotations

Branches:
Dungeon (9/15)             Temple (0/1) D:4         Ossuary (visited)
   Lair: D:8-11         Orc: D:9-12

Altars:
Cheibriados
Dithmenos
Fedhas
Gozag
Hepliaklqana
Nemelex Xobeh
Trog
Xom

Shops:
D:7 [

Annotations:
D:5 3 runed translucent doors, exclusion: 3 doors, kickassninja's ghost, novice HuFE
D:6 1 runed translucent door, exclusion: door, Crazy Yiuf


Innate Abilities, Weirdness & Mutations

You are immune to sickness and miasma.
You are immune to poison.
Your flesh is very heat resistant. (rF++)
You are vulnerable to cold. (rC-)
You float through the air rather than walking.
You learn spells naturally, not from books.
Your magical power is your life essence.
You have superior vitality. (+4 MHP)


Message History

Press: ? - help, Dir - look around, f - activate You attempt to intoxicate your foes!
The orc looks rather confused. x2
The orc wizard looks rather confused.
The orc looks rather confused.
The world spins around you!
You are engulfed in blazing flames.
You resist.
The foxfire hits the yak.
Flame seeps out of the yak.
The yak is lightly wounded.
The foxfire hits the yak.
Flame seeps out of the yak.
The yak is moderately wounded.
The yak is engulfed in blazing flames.
Flame seeps out of the yak.
The yak closely misses you. The yak gores you!
* * * LOW HITPOINT WARNING * * *
The wraith hits you.
* * * LOW HITPOINT WARNING * * *
The wraith drains your vigour!
You feel yourself slow down.
Casting: Alistair's Intoxication (dangerous; 10% risk of failure)
Confirm with . or Enter, or press ? or * to list all spells.
Casting: Flame Wave (dangerous; 4% risk of failure)
Press: ? - help, Dir - look around, f - activate A wave of flame ripples out!
The flame wave engulfs the orc!
The flame wave engulfs the yak!
Flame seeps out of the yak.
The yak is almost dead.
The flame wave engulfs the yak!
The yak is moderately wounded.
The flame wave engulfs the wraith!
Flame seeps out of the wraith.
The wraith is lightly damaged. (Press . to intensify the flame waves.)
* * * LOW HITPOINT WARNING * * *
The orc explodes!
The fiery explosion engulfs the yak!!
The fiery explosion engulfs you. You resist.
* * * LOW HITPOINT WARNING * * *
The yak explodes!
The fiery explosion engulfs the yak!
The yak is severely wounded.
The fiery explosion engulfs you! You resist.
* * * LOW HITPOINT WARNING * * *
You are engulfed in blazing flames.
You resist.
You die...
Your body crumbles into a pile of gold.

...#.§.## #. ....§_§.#
####$o. ....§...#
...$..o ....##..###
##$$..o..
...###....######........
....#####.....##..Yo....
....# #####.##§§.$....
....# #.§§○Y...... ...##
####@§...... ..##
##W...... ### ..$....
....... :...$.. .......
....... ....=..


You could see 2 yaks, a wraith (inner flame), an orc priest (inner flame), an
orc wizard (confused) and 2 orcs.

Vanquished Creatures
  2 two-headed ogres
  Erica (D:8)
  A tengu warrior (D:8)
  Pikel (D:7)
  A cyclops (D:7)
  An unseen horror (D:6)
  2 trolls (D:9)
  2 yaks (D:9)
  Eustachio (D:4)
  2 steam dragons (D:6)
  An acid dragon (D:8)
  2 water moccasins
  3 orc warriors
  A black bear (D:7)
  An ice beast (D:5)
  2 ogres
  A sky beast (D:7)
  A centaur (D:6)
  2 lemures (D:7)
  4 phantoms
  2 kobold brigands
  2 bullfrogs
  3 scorpions
  3 water moccasin zombies (Ossuary)
  A gnoll sergeant (D:7)
  7 wights
  4 howler monkeys
  6 orc priests
  3 hounds
  A jelly (D:6)
  2 sleepcaps
  Jessica (D:3)
  2 iguanas (D:4)
  6 orc wizards
  2 mummies (Ossuary)
  8 gnolls
  5 adders
  An ufetubus (D:7)
  3 adder zombies (Ossuary)
  A worm (D:3)
  3 dart slugs
  35 orcs
  9 endoplasms
  4 giant cockroaches
  3 gnoll zombies (Ossuary)
  12 goblins
  10 hobgoblins
  3 jackals (D:2)
  A quokka (D:2)
  10 ball pythons
  6 bats
  3 frilled lizards
  5 hobgoblin zombies (Ossuary)
  16 kobolds
  5 kobold zombies (Ossuary)
  8 orc zombies (Ossuary)
  2 rats
230 creatures vanquished.

Vanquished Creatures (others)
  688 foxfires
688 creatures vanquished.

Grand Total: 918 creatures vanquished

Notes
Turn   | Place    | Note
-------+----------+-------------------------------------------
     0 | D:1      | BarneyGumball the Djinni Fire Elementalist began the quest
                  | for the Orb.
     0 | D:1      | BarneyGumball set off with the following spells memorised:
                  | Foxfire, Scorch, Volatile Blastmotes, Inner Flame, Flame
                  | Wave.
     0 | D:1      | Reached XP level 1. HP: 15/15 MP: 0/0
    70 | D:1      | Reached XP level 2. HP: 20/21 MP: 0/0
   421 | D:1      | Reached XP level 3. HP: 24/25 MP: 0/0
   421 | D:1      | Learned a level 1 spell: Necrotise
   886 | D:2      | Reached XP level 4. HP: 22/31 MP: 0/0
  1637 | D:3      | Found a snail-covered altar of Cheibriados.
  1637 | D:3      | Found an opulent altar of Gozag.
  1643 | D:3      | Became a worshipper of Gozag Ym Sagoz the Greedy
  1652 | D:3      | Noticed Jessica
  1826 | D:3      | Reached XP level 5. HP: 27/35 MP: 0/0
  1826 | D:3      | Learned a level 2 spell: Wereblood
  2078 | D:3      | Killed Jessica
  2166 | D:3      | Reached skill level 5 in Spellcasting
  2166 | D:3      | Reached skill level 5 in Conjurations
  2166 | D:3      | Reached skill level 5 in Hexes
  2166 | D:3      | Reached skill level 5 in Summonings
  2166 | D:3      | Reached skill level 5 in Necromancy
  2166 | D:3      | Reached skill level 5 in Translocations
  2166 | D:3      | Reached skill level 5 in Transmutations
  2166 | D:3      | Reached skill level 5 in Fire Magic
  2166 | D:3      | Reached skill level 5 in Ice Magic
  2166 | D:3      | Reached skill level 5 in Air Magic
  2166 | D:3      | Reached skill level 5 in Earth Magic
  2166 | D:3      | Reached skill level 5 in Poison Magic
  2440 | D:4      | Found a sand-covered staircase.
  2444 | D:4      | Reached XP level 6. HP: 37/40 MP: 0/0
  2455 | Ossuary  | Entered an ossuary
  2769 | Ossuary  | Reached XP level 7. HP: 25/45 MP: 0/0
  2769 | Ossuary  | Learned a level 2 spell: Lesser Beckoning
  3141 | D:4      | Noticed Eustachio
  3147 | D:4      | Killed Eustachio
  3148 | D:4      | Reached XP level 8. HP: 43/50 MP: 0/0
  3290 | D:4      | Found a sparkling altar of Nemelex Xobeh.
  3757 | D:4      | Found a staircase to the Ecumenical Temple.
  3862 | D:5      | Entered Level 5 of the Dungeon
  4078 | D:5      | Found a bloodstained altar of Trog.
  4812 | D:5      | Found a runed translucent gate.
  4813 | D:5      | Found a runed translucent gate.
  4814 | D:5      | Found a runed translucent gate.
  4816 | D:5      | Noticed kickassninja's ghost (novice HuFE)
  4864 | D:6      | Reached XP level 9. HP: 40/55 MP: 0/0
  4864 | D:6      | Learned a level 4 spell: Petrify
  5162 | D:6      | Reached skill level 1 in Fighting
  5162 | D:6      | Reached skill level 1 in Armour
  5200 | D:6      | Reached skill level 3 in Dodging
  5327 | D:6      | Found a runed translucent door.
  5328 | D:6      | Noticed Crazy Yiuf
  5500 | D:6      | Found a hazy altar of Hepliaklqana.
  5587 | D:6      | Found a shimmering altar of Xom.
  5759 | D:6      | Killed an unseen horror
  5760 | D:6      | Reached skill level 4 in Dodging
  5967 | D:7      | Noticed a cyclops
  5973 | D:7      | Killed a cyclops
  5974 | D:7      | Reached XP level 10. HP: 50/67 MP: 0/0
  5986 | D:7      | Reached skill level 5 in Dodging
  6383 | D:7      | Identified the +0 ring mail of Seojetah {Contam +Inv MP+9
                  | Dex+6}
  6412 | D:7      | Noticed Pikel
  6436 | D:7      | Killed Pikel
  6437 | D:7      | Reached skill level 5 in Fighting
  6437 | D:7      | Reached skill level 6 in Dodging
  6927 | D:8      | Noticed a tengu warrior
  6927 | D:8      | Noticed a two-headed ogre
  6985 | D:8      | Reached skill level 7 in Dodging
  7172 | D:7      | Bought the +1 robe of Skepticism {rF+ rC+ Will+ Slay+3} for
                  | 538 gold pieces
  7492 | D:8      | Killed a tengu warrior
  7493 | D:8      | Reached skill level 8 in Dodging
  7551 | D:8      | Killed a two-headed ogre
  7583 | D:8      | Reached XP level 11. HP: 25/76 MP: 0/0
  7583 | D:8      | Learned a level 5 spell: Alistair's Intoxication
  7760 | D:8      | Noticed Erica
  7775 | D:8      | Killed Erica
  7776 | D:8      | Reached skill level 9 in Dodging
  7810 | D:8      | Identified the +1 war axe of the Summoning Viper
                  | {antimagic, Int+4}
  7944 | D:8      | Found a blossoming altar of Fedhas.
  8500 | D:9      | Found a shadowy altar of Dithmenos.
  8502 | D:9      | Noticed a two-headed ogre
  8506 | D:9      | Killed a two-headed ogre
  8530 | D:9      | Reached skill level 10 in Dodging
  8830 | D:9      | HP: 2/79 [spore (7)]
  8830 | D:9      | Engulfed by a cloud of flame

Illustrated notes

Levels and vault maps discovered:
D:1:      dpeg_arrival_castle, layout_rooms
D:2:      layout_basic, minmay_puff
D:3:      layout_rooms, chequers_temple_overflow_statue_of_worship,
          corexii_leaking_fountain, uniq_jessica
D:4:      kennysheep_the_goblin_king, layout_cave_pools,
          nemelex_dance_club_becter, minmay_temple_entry_statues_fountains,
          enter_ossuary_1, hangedman_glass_teeth, uniq_eustachio
D:5:      layout_basic, bloody_trog, gammafunk_ghost_necromancy, moated_statue
D:6:      layout_cave_pools, mainiacjoe_overflow_alcove_2,
          nzn_hepliaklqana_mist_gate, minmay_small_thing,
          uniq_crazy_yiuf_cottage
D:7:      layout_cave_pools, uniq_pikel
D:8:      layout_rooms, lemuel_round_altar, kiku_gazebo_garden_becter,
          minmay_microvault, uniq_erica
D:9:      layout_rooms, grunt_dithmenos_smoke, nrook_campfire,
          skrybe_limestone_x

Skill      XL: |  1  2  3  4  5  6  7  8  9 10 11 |
---------------+----------------------------------+-----
Spellcasting   | 4 5 6 8 9 |  9.2
Conjurations   | 4 5 6 8 9 |  9.2
Hexes          | 4 5 6 8 9 |  9.2
Summonings     | 4 5 6 8 9 |  9.2
Necromancy     | 4 5 6 8 9 |  9.2
Translocations | 4 5 6 8 9 |  9.2
Transmutations | 4 5 6 8 9 |  9.2
Fire Magic     | 4 5 6 8 9 |  9.2
Ice Magic      | 4 5 6 8 9 |  9.2
Air Magic      | 4 5 6 8 9 |  9.2
Earth Magic    | 4 5 6 8 9 |  9.2
Poison Magic   | 4 5 6 8 9 |  9.2
Fighting       | 3 5 7 |  7.6
Armour         | 3 4 |  4.0
Dodging        | 4 8 10 | 10.1
Stealth        | |  1.5

Action                     |  1- 3 |  4- 6 |  7- 9 | 10-12 || total
---------------------------+-------+-------+-------+-------++-------
  Melee: Dagger            |     8 |     8 |     4 |     9 ||    29
   Cast: Foxfire           |    59 |   111 |   116 |   126 ||   412
         Inner Flame       |       |     9 |    33 |    50 ||    92
         Scorch            |       |     2 |     4 |     7 ||    13
         Volatile Blastmot |       |       |     3 |     4 ||     7
         Flame Wave        |       |       |     2 |     2 ||     4
         Petrify           |       |       |       |     2 ||     2
         Alistair's Intoxi |       |       |       |     1 ||     1
 Invoke: Call Merchant     |       |       |       |     1 ||     1
    Use: Scroll            |       |       |     5 |     1 ||     6
         Potion            |       |       |       |     1 ||     1
 Armour: Robe              |     8 |    15 |    21 |    44 ||    88
  Dodge: Dodged            |     4 |    18 |     8 |    21 ||    51

Table legend: (Time is in decaauts)
 A = Elapsed time spent in this place.
 B = Non-inter-level travel time spent in this place.
 C = Inter-level travel time spent in this place.
 D = Time resting spent in this place.
 E = Time spent auto-exploring this place.
 F = Levels seen in this place.
 G = Mean time per level.
                   A        B        C        D        E       F      G
               +--------+--------+--------+--------+--------+-----+--------+
         Total |   8827 |   8424 |    403 |    852 |   6155 |  10 |  882.7 |
       Dungeon |   8358 |   7955 |    403 |    607 |   6133 |   9 |  928.7 |
       Ossuary |    468 |    468 |      0 |    245 |     22 |   1 |  468.0 |
               +--------+--------+--------+--------+--------+-----+--------+

Top non-repeatable levels by time:
     D:8: 1299 daAuts
     D:7: 1234 daAuts
     D:6: 1104 daAuts
     D:2: 1057 daAuts
     D:4: 983 daAuts
     D:5: 944 daAuts
     D:3: 840 daAuts
     D:1: 540 daAuts
 Ossuary: 468 daAuts
     D:9: 352 daAuts
